 Dungeon Crawl Stone Soup version 0.30-a0-329-g85436e0a43 (webtiles) character file.

Game seed: 15375551793384556563

2 blackman the Sneak (level 1, -10/18 HPs)
             Began as a Human Delver on Oct 28, 2022.
             Was an Initiate of Elyvilon.
             Mangled by an ogre
             ... wielding a +0 giant club
              (28 damage)
             ... on level 5 of the Dungeon.
             The game lasted 00:01:07 (333 turns).

blackman the Sneak (Human Delver)                    Turns: 333, Time: 00:01:08

Health: -10/18     AC:  3    Str: 12    XL:     1   Next: 44%
Magic:  1/1        EV: 12    Int: 10    God:    Elyvilon [......]
Gold:   24         SH:  0    Dex: 14    Spells: 0/0 levels left

rFire   . . .      SeeInvis .    a - +0 falchion
rCold   . . .      Faith    .    (no shield)
rNeg    . . .      Spirit   .    b - +0 leather armour
rPois   .          Reflect  .    (no helmet)
rElec   .          Harm     .    (no cloak)
rCorr   .          Rampage  .    (no gloves)
Will    .....                    (no boots)
Stlth   +++.......               (no amulet)
HPRegen 0.23/turn                (no ring)
MPRegen 0.07/turn                (no ring)

@: no status effects
A: no striking features
a: Renounce Religion


You were on level 5 of the Dungeon.
You worshipped Elyvilon.
Elyvilon was noncommittal.
You visited 1 branch of the dungeon, and saw 1 of its levels.

You collected 24 gold pieces.

Inventory:

Hand Weapons
 a - a +0 falchion (weapon)
Armour
 b - a +0 leather armour (worn)
Wands
 g - a wand of digging (2)
Scrolls
 c - a scroll of fog
 d - a scroll of magic mapping
 e - a scroll of fear
 i - a scroll of immolation {unknown}
Potions
 f - a potion of haste
 h - a potion of curing {unknown}


   Skills:
 - Level 3.0 Fighting
 + Level 2.2 Long Blades
 - Level 2.0 Dodging
 - Level 5.0 Stealth


You couldn't memorise any spells.
You didn't know any spells.
Your spell library was empty.

Dungeon Overview and Level Annotations

Branches:
Dungeon (5/15)
 Temple: D:4-7

Altars:
Elyvilon


Message History

You kill the quokka!
No target in view!
No target in view!
There is a white marble altar of Elyvilon here.
You kneel at the altar of Elyvilon.
Elyvilon welcomes you!
Found an escape hatch in the floor.
Key pressed, stopping explore.
There is an escape hatch in the floor here.
An ogre comes into view. It is wielding a +0 giant club.
An ogre is nearby!
An ogre is nearby!
An ogre is nearby!
You enter the shallow water.
Moving in this stuff is going to be slow.
You swap places.
Key pressed, stopping explore.
You now have 13 gold pieces.
Key pressed, stopping explore.
Unknown command.
A gnoll comes into view. It is wielding a +4 flail.
The gnoll shouts!
Aiming: Dig
Press: ? - help, Shift-Dir - straight line You can't see that place. [the floor.]
The rock shatters into small pieces.
Found 11 gold pieces.
Found a stone.
You now have 24 gold pieces (gained 11).
There are no items here.
Key pressed, stopping explore.
Key pressed, stopping explore.
Key pressed, stopping explore.
Key pressed, stopping explore.
There is an escape hatch in the floor here.
The ogre shouts!
You hear an angry hiss.
The ogre hits you with a +0 giant club!!
Ouch! That really hurt!
You die...

##~..♣..~#.## ..
##..........# ..
##...♣._.♣...# .# .
###...........###.# ..
#....#~..♣..~#.#.### ...
.....#~~...~~#.....#..#
.....###...###..##....##
.##..# #...##..>#O......
###..# ##..##...@......#
# ##.# ##..#.##$....$.#
#..# #.#.. ##.......
##.## #.##. .......
##.## ##.#.. #......
..## #.... ...... ..# ..
...... .## ...... .#


You could see an ogre.

Vanquished Creatures
  2 quokkas (D:5)
2 creatures vanquished.

Notes
Turn   | Place    | Note
-------+----------+-------------------------------------------
     0 | D:5      | blackman the Human Delver began the quest for the Orb.
     0 | D:5      | Reached XP level 1. HP: 18/18 MP: 1/1
    72 | D:5      | Found a white marble altar of Elyvilon.
    84 | D:5      | Became a worshipper of Elyvilon the Healer
   104 | D:5      | Noticed an ogre
   333 | D:5      | Mangled by an ogre

Illustrated notes

Levels and vault maps discovered:
D:5:      layout_layer_cave, elyvilon_altar_4

Action                   || total
-------------------------++-------
Melee: Falchion          ||     5
Evoke: Wand              ||     1
 Stab: Sleeping          ||     1
Armor: Leather armour    ||     1
Dodge: Dodged            ||     1

Table legend: (Time is in decaauts)
 A = Elapsed time spent in this place.
 B = Non-inter-level travel time spent in this place.
 C = Inter-level travel time spent in this place.
 D = Time resting spent in this place.
 E = Time spent auto-exploring this place.
 F = Levels seen in this place.
 G = Mean time per level.
                   A        B        C        D        E       F      G
               +--------+--------+--------+--------+--------+-----+--------+
         Total |    334 |    327 |      7 |      0 |    196 |   1 |  334.0 |
       Dungeon |    334 |    327 |      7 |      0 |    196 |   1 |  334.0 |
               +--------+--------+--------+--------+--------+-----+--------+

Top non-repeatable levels by time:
     D:5: 334 daAuts
